 Dungeon Crawl Stone Soup version 0.24-a0-278-gefa1973 (webtiles) character file.

Game seed: 13805009186749244631

4636 zishaf the Thaumaturge (level 10, -5/73 (74) HPs)
             Began as a Gnoll Wizard on Apr 29, 2019.
             Was a Follower of Fedhas.
             Slain by an unseen horror (11 damage)
             ... on level 9 of the Dungeon.
             The game lasted 00:28:14 (11220 turns).

zishaf the Thaumaturge (Gnoll Wizard)              Turns: 11220, Time: 00:28:15

HP:   -5/73 (74)    AC: 10    Str: 13    XL:     10   Next: 43%
MP:   22/22         EV: 15    Int: 21    God:    Fedhas [*.....]
Gold: 281           SH:  0    Dex: 13    Spells: 15/26 levels left

rFire    . . .     SeeInvis .   b - +4 quarterstaff (chaos)
rCold    + . .     Gourm    +   (shield currently unavailable)
rNeg     . . .     Faith    .   u - +1 leather armour {rC+}
rPois    .         Spirit   .   k - +0 helmet
rElec    .         Reflect  .   H - +0 cloak
rCorr    .         Harm     .   v - +0 pair of gloves
MR       .....                  B - +1 pair of boots
Stlth    +++.......             m - amulet of the gourmand
HPRegen  0.22/turn              (no ring)
MPRegen  0.18/turn              (no ring)

@: lethally poisoned (-5 -> -5)
A: distributed training, fangs 1, strong nose
a: Fungal Bloom, Sunlight, Renounce Religion


You were on level 9 of the Dungeon.
You worshipped Fedhas.
Fedhas was aware of your devotion.
You were not hungry.

You visited 1 branch of the dungeon, and saw 9 of its levels.

You collected 344 gold pieces.
You spent 63 gold pieces at shops.

Inventory:

Hand Weapons
 a - a +0 fustibalus
 b - a +4 quarterstaff of chaos (weapon)
 w - a +0 hand crossbow
Missiles
 f - 71 sling bullets
 q - 291 stones (quivered)
 x - 48 bolts
Armour
 k - a +0 helmet (worn)
 u - a +1 leather armour of cold resistance (worn)
 v - a +0 pair of gloves (worn)
 B - a +1 pair of boots (worn)
 H - a +0 cloak (worn)
Jewellery
 m - an amulet of the gourmand (around neck)
Wands
 y - a wand of digging (4)
 C - a wand of iceblast (12)
 G - a wand of disintegration (5)
Scrolls
 e - a scroll of fear {unknown}
 h - 4 scrolls of remove curse
 l - a scroll of enchant armour
 p - a scroll of amnesia
 r - 5 scrolls of teleportation
 s - a scroll of fog
 A - 2 scrolls of immolation {unknown}
 D - 2 scrolls of enchant weapon {unknown}
 E - a scroll of magic mapping {unknown}
Potions
 c - 2 potions of heal wounds
 g - 2 potions of agility
 i - 2 potions of might
 j - a potion of resistance {unknown}
 n - 2 potions of haste
 o - 2 potions of invisibility
 t - 2 potions of curing
 z - a potion of berserk rage
 F - a potion of lignification
 I - a potion of flight {unknown}
Comestibles
 d - 22 rations


   Skills:
 + Level 5.2 Fighting
 + Level 5.2 Short Blades
 + Level 5.2 Long Blades
 + Level 5.2 Axes
 + Level 5.2 Maces & Flails
 + Level 5.2 Polearms
 + Level 5.2 Staves
 + Level 5.2 Slings
 + Level 5.2 Bows
 + Level 5.2 Crossbows
 + Level 5.2 Throwing
 + Level 5.2 Armour
 + Level 7.0 Dodging
 + Level 6.7 Stealth
 + Level 5.2 Shields
 + Level 5.2 Unarmed Combat
 + Level 8.9 Spellcasting
 + Level 4.8 Conjurations
 + Level 4.2 Hexes
 + Level 4.2 Charms
 + Level 4.8 Summonings
 + Level 4.2 Necromancy
 + Level 4.8 Translocations
 + Level 4.2 Transmutations
 + Level 4.2 Fire Magic
 + Level 4.2 Ice Magic
 + Level 4.2 Air Magic
 + Level 4.2 Earth Magic
 + Level 4.2 Poison Magic
 + Level 5.7 Invocations
 + Level 5.2 Evocations


You had 15 spell levels left.
You knew the following spells:

 Your Spells              Type           Power        Failure   Level  Hunger
a - Magic Dart            Conj           ####         1%          1    None
b - Call Imp              Summ           ####....     1%          2    None
c - Conjure Flame         Conj/Fire      ####....     4%          3    None
d - Blink                 Tloc           N/A          1%          2    None
z - Mephitic Cloud        Conj/Pois/Air  ####....     4%          3    None

Your spell library contained the following spells:

 Spells                   Type           Power        Failure   Level  Hunger
 Slow                     Hex            ####....     2%          2    None


Dungeon Overview and Level Annotations

Branches:
Dungeon (9/15)             Temple (0/1) D:7            Lair (0/6) D:8
    Orc: D:9-12

Altars:
Ashenzari
Cheibriados
Elyvilon
Fedhas
Nemelex Xobeh
Okawaru
Ru
Uskayaw
Wu Jian
Xom
Yredelemnul
Zin

Shops:
D:4 [   D:8 =

Annotations:
D:6 exclusion: downstairs


Innate Abilities, Weirdness & Mutations

Your experience applies equally to all skills.
You have very sharp teeth.
Your uncanny sense of smell can sniff out nearby items.


Message History

You sock the jackal!
You kill the jackal!
You feel sick. Something hits you! Something barely misses you.
Something hits you!
* * * LOW HITPOINT WARNING * * *
You miss something. Your bite misses something.
You feel sick. Something barely misses you.
Something hits your wandering mushroom! Something barely misses you.
You sock something! Something hits you.
* * * LOW HITPOINT WARNING * * *
Something hits you but does no damage. Something hits you.
* * * LOW HITPOINT WARNING * * *
You see here an orc corpse.
You swap places.
A jackal comes into view.
You feel sick. Something hits you!
You die...
Fedhas appreciates your contribution to the ecosystem.

#.. #f####f.# #.#
#..##f# #ff# #.# #..##.#
#ff###.### #..##.#
#.fff..... #..##f#
#....()... #..##f#
#....))... #...f.#
#.......## #.f...#
#...>...#
.######)@fh.####.......#
.......f###............#
.[......# #........_...#
........# #............#
........# #.###........#
........# #.# #........#
......... .. #........#
....##### ## #........#
...P #........#


You could see a jackal and 6 friendly wandering mushrooms.

Vanquished Creatures
  A queen bee (D:8)
  A wyvern (D:9)
  A hungry ghost (D:8)
  Duvessa (D:5)
  2 ice beasts
  2 phantoms
  2 orc warriors
  2 slaves (D:6)
  A necrophage (D:9)
  3 sky beasts
  3 ogres
  2 centaurs
  2 bullfrogs
  2 scorpions
  A water moccasin skeleton (D:9)
  14 killer bees
  6 howler monkeys
  3 crimson imps
  A quasit (D:7)
  4 bullfrog skeletons
  Crazy Yiuf (D:7)
  4 orc priests
  2 jellies (D:6)
  12 orc wizards
  9 worker ants
  A hound zombie (D:5)
  A gnoll (D:4)
  10 adders
  3 shadow imps
  An adder zombie (D:5)
  4 oozes
  An adder skeleton (D:5)
  3 worms
  2 dart slugs
  2 leopard geckos
  30 orcs
  5 bats
  8 giant cockroaches
  4 goblins
  5 hobgoblins
  9 jackals
  8 kobolds
  7 quokkas
  8 frilled lizards
  5 rats
199 creatures vanquished.

Vanquished Creatures (collateral kills)
  Pikel (D:6)
  A hippogriff (D:5)
  A slave (D:6)
  An ice beast (D:5)
  Dowan (D:5)
  A scorpion (D:8)
  3 killer bees
  A howler monkey (D:5)
  A quasit (D:9)
  An orc priest (D:4)
  A hound (D:4)
  A jelly (D:4)
  2 orc wizards (D:4)
  A worker ant (D:6)
  An adder (D:2)
  4 orcs
  A hobgoblin (D:1)
  4 jackals
  A jackal skeleton (D:4)
28 creatures vanquished.

Vanquished Creatures (others)
  84 toadstools
84 creatures vanquished.

Grand Total: 311 creatures vanquished

Notes
Turn   | Place    | Note
-------+----------+-------------------------------------------
     0 | D:1      | zishaf the Gnoll Wizard began the quest for the Orb.
     0 | D:1      | Reached XP level 1. HP: 13/13 MP: 8/8
   136 | D:1      | Reached XP level 2. HP: 20/20 MP: 5/10
   178 | D:1      | Learned a level 2 spell: Call Imp
   181 | D:1      | Learned a level 2 spell: Blink
   664 | D:1      | Reached XP level 3. HP: 25/25 MP: 7/11
   741 | D:1      | Learned a level 3 spell: Conjure Flame
   745 | D:1      | Learned a level 3 spell: Mephitic Cloud
  1090 | D:2      | Reached skill level 1 in Invocations
  1544 | D:2      | Found a shimmering altar of Xom.
  1577 | D:2      | Reached skill level 1 in Fighting
  1577 | D:2      | Reached skill level 1 in Short Blades
  1577 | D:2      | Reached skill level 1 in Long Blades
  1577 | D:2      | Reached skill level 1 in Axes
  1577 | D:2      | Reached skill level 1 in Maces & Flails
  1577 | D:2      | Reached skill level 1 in Polearms
  1577 | D:2      | Reached skill level 1 in Staves
  1577 | D:2      | Reached skill level 1 in Slings
  1577 | D:2      | Reached skill level 1 in Bows
  1577 | D:2      | Reached skill level 1 in Crossbows
  1577 | D:2      | Reached skill level 1 in Throwing
  1577 | D:2      | Reached skill level 1 in Armour
  1577 | D:2      | Reached skill level 1 in Shields
  1577 | D:2      | Reached skill level 1 in Unarmed Combat
  1577 | D:2      | Reached skill level 1 in Evocations
  1577 | D:2      | Reached XP level 4. HP: 32/32 MP: 8/13
  1765 | D:2      | Noticed an ogre
  1785 | D:2      | Killed an ogre
  1785 | D:2      | Reached skill level 1 in Hexes
  1785 | D:2      | Reached skill level 1 in Charms
  1785 | D:2      | Reached skill level 1 in Necromancy
  1785 | D:2      | Reached skill level 1 in Transmutations
  1785 | D:2      | Reached skill level 1 in Fire Magic
  1785 | D:2      | Reached skill level 1 in Ice Magic
  1785 | D:2      | Reached skill level 1 in Air Magic
  1785 | D:2      | Reached skill level 1 in Earth Magic
  1785 | D:2      | Reached skill level 1 in Poison Magic
  1785 | D:2      | Reached XP level 5. HP: 37/37 MP: 3/14
  1894 | D:2      | Found an ornate altar of the Wu Jian Council.
  2219 | D:3      | Reached XP level 6. HP: 38/44 MP: 0/16
  2257 | D:3      | Found a faded altar of an unknown god.
  2283 | D:3      | Found a sparkling altar of Nemelex Xobeh.
  2519 | D:3      | Found a blossoming altar of Fedhas.
  2547 | D:3      | Became a worshipper of Fedhas Madash
  2958 | D:4      | Found an iron altar of Okawaru.
  3123 | D:4      | Reached skill level 5 in Dodging
  3182 | D:4      | Found Beus's Armour Emporium.
  3192 | D:4      | Bought a +0 pair of gloves for 63 gold pieces
  3264 | D:4      | Reached XP level 7. HP: 25/50 MP: 13/18
  3766 | D:4      | Reached * piety under Fedhas
  4066 | D:5      | Entered Level 5 of the Dungeon
  4297 | D:5      | Noticed Duvessa
  4298 | D:5      | Noticed Dowan
  4312 | D:5      | Killed Duvessa
  4312 | D:5      | Reached skill level 5 in Stealth
  4316 | D:5      | Killed Dowan
  4318 | D:5      | Noticed a hippogriff
  4370 | D:5      | Killed a hippogriff
  4370 | D:5      | Reached XP level 8. HP: 6/57 MP: 3/19
  5161 | D:5      | Found a snail-covered altar of Cheibriados.
  6274 | D:6      | Found a sacrificial altar of Ru.
  6354 | D:6      | Reached skill level 8 in Spellcasting
  6938 | D:6      | Found a white marble altar of Elyvilon.
  7220 | D:6      | Found a glowing silver altar of Zin.
  7220 | D:6      | Found a hide-covered altar of Uskayaw.
  7270 | D:6      | Reached XP level 9. HP: 65/65 MP: 21/21
  7847 | D:7      | Noticed Pikel
  8256 | D:6      | Killed Pikel
  8564 | D:7      | Found a staircase to the Ecumenical Temple.
  8697 | D:7      | Found a runed translucent door.
  8699 | D:7      | Noticed Crazy Yiuf
  9079 | D:7      | Killed Crazy Yiuf
  9377 | D:8      | Noticed a queen bee
  9712 | D:8      | Killed a queen bee
  9712 | D:8      | Reached skill level 5 in Invocations
  9759 | D:7      | Reached XP level 10. HP: 33/73 MP: 11/22
 10024 | D:8      | Reached ** piety under Fedhas
 10635 | D:8      | Found Ugoely's Jewellery Emporium.
 10725 | D:8      | Found a staircase to the Lair.
 10901 | D:9      | Reached skill level 5 in Fighting
 10901 | D:9      | Reached skill level 5 in Short Blades
 10901 | D:9      | Reached skill level 5 in Long Blades
 10901 | D:9      | Reached skill level 5 in Axes
 10901 | D:9      | Reached skill level 5 in Maces & Flails
 10901 | D:9      | Reached skill level 5 in Polearms
 10901 | D:9      | Reached skill level 5 in Staves
 10901 | D:9      | Reached skill level 5 in Slings
 10901 | D:9      | Reached skill level 5 in Bows
 10901 | D:9      | Reached skill level 5 in Crossbows
 10901 | D:9      | Reached skill level 5 in Throwing
 10901 | D:9      | Reached skill level 5 in Armour
 10901 | D:9      | Reached skill level 5 in Shields
 10901 | D:9      | Reached skill level 5 in Unarmed Combat
 10901 | D:9      | Reached skill level 5 in Evocations
 11061 | D:9      | Found a shattered altar of Ashenzari.
 11133 | D:9      | Found a basalt altar of Yredelemnul.
 11220 | D:9      | Slain by an unseen horror

Levels and vault maps discovered:
D:1:      lightli_arrival_isolated_outpost, layout_basic
D:2:      layout_rooms, lemuel_round_altar, overflow_temple_1_default,
          minmay_pentomino_u4
D:3:      layout_loops_ring, lemuel_round_altar,
          nemelex_xobeh_ov_fountains_minmay, chequers_ecumenical_altar_island,
          first_ration, glass_columns_a
D:4:      layout_basic, okawaru_altar_gauntlet_db, serial_shops,
          nicolae_shop_statue_plus, minmay_misc_feat_nine_boxes
D:5:      layout_basic, overflow_temple_1_default, minmay_pentangle,
          uniq_duvessa
D:6:      layout_loops_ring, nicolae_ru_awakened_eye, elyvilon_altar_5,
          gammafunk_temple_overflow_wave
D:7:      layout_basic, minmay_temple_entry_tees, uniq_pikel,
          uniq_crazy_yiuf_cottage
D:8:      layout_rooms, lair_entry_dummy, david_nohive_1,
          minmay_shop_enchanted_jewellery
D:9:      layout_long_grid, overflow_temple_1_default, ashenzari_altar_1,
          kiku_gazebo_garden_becter

Skill      XL: |  1  2  3  4  5  6  7  8  9 10 |
---------------+-------------------------------+-----
Conjurations   | 2 3 4 |  4.8
Summonings     | 2 3 4 |  4.8
Translocations | 2 3 4 |  4.8
Invocations    | 1 2 3 4 5 |  5.7
Fighting       | 1 2 3 4 5 |  5.2
Short Blades   | 1 2 3 4 5 |  5.2
Long Blades    | 1 2 3 4 5 |  5.2
Axes           | 1 2 3 4 5 |  5.2
Maces & Flails | 1 2 3 4 5 |  5.2
Polearms       | 1 2 3 4 5 |  5.2
Staves         | 1 2 3 4 5 |  5.2
Slings         | 1 2 3 4 5 |  5.2
Bows           | 1 2 3 4 5 |  5.2
Crossbows      | 1 2 3 4 5 |  5.2
Throwing       | 1 2 3 4 5 |  5.2
Armour         | 1 2 3 4 5 |  5.2
Shields        | 1 2 3 4 5 |  5.2
Unarmed Combat | 1 2 3 4 5 |  5.2
Evocations     | 1 2 3 4 5 |  5.2
Hexes          | 1 2 3 4 |  4.2
Charms         | 1 2 3 4 |  4.2
Necromancy     | 1 2 3 4 |  4.2
Transmutations | 1 2 3 4 |  4.2
Fire Magic     | 1 2 3 4 |  4.2
Ice Magic      | 1 2 3 4 |  4.2
Air Magic      | 1 2 3 4 |  4.2
Earth Magic    | 1 2 3 4 |  4.2
Poison Magic   | 1 2 3 4 |  4.2
Dodging        | 5 6 7 |  7.0
Stealth        | 5 6 |  6.7
Spellcasting   | 8 |  8.9

Action                   |  1- 3 |  4- 6 |  7- 9 | 10-12 || total
-------------------------+-------+-------+-------+-------++-------
Melee: Unarmed           |     8 |     1 |       |       ||     9
       Bite              |     1 |     5 |    27 |    12 ||    45
       Dagger            |       |     9 |       |       ||     9
       Trident           |       |    92 |   400 |       ||   492
       Punch             |       |       |     4 |       ||     4
       Quarterstaff      |       |       |    44 |   109 ||   153
 Fire: Hunting sling     |       |    51 |    16 |       ||    67
       Hand crossbow     |       |       |     9 |       ||     9
       Fustibalus        |       |       |    28 |    18 ||    46
 Cast: Magic Dart        |    57 |    61 |   127 |    14 ||   259
       Call Imp          |     4 |     1 |    72 |     2 ||    79
       Mephitic Cloud    |     1 |     3 |     8 |     3 ||    15
       Conjure Flame     |     1 |     2 |     5 |     1 ||     9
Invok: Fungal Bloom      |       |     6 |    24 |     9 ||    39
       Evolution         |       |       |       |     6 ||     6
  Use: Scroll            |       |       |    11 |     1 ||    12
 Stab: Confused          |     1 |     3 |     6 |     3 ||    13
       Sleeping          |       |     4 |     8 |       ||    12
       Distracted        |       |       |     4 |     1 ||     5
       Petrifying        |       |       |       |     1 ||     1
       Paralysed         |       |       |       |     1 ||     1
  Eat: Chunk             |     2 |     5 |    31 |       ||    38
       Ration            |       |       |       |     2 ||     2
Armor: Robe              |     6 |     2 |       |       ||     8
       Leather armour    |       |    23 |   165 |    33 ||   221
Dodge: Dodged            |    35 |    82 |   443 |    86 ||   646

Table legend:
 A = Non-vault XP
 B = Vault XP
 C = Vault XP percentage of total XP
 D = Non-vault monster count
 E = Vault monster count
 F = Vault count percentage of total count
                 A         B        C        D         E       F
            +---------+---------+-------+---------+---------+-------
      Total |    4965 |    1658 |  25.0 |     188 |      36 |  16.1
            +---------+---------+-------+---------+---------+-------
        D:1 |      40 |       6 |  13.0 |      17 |       2 |  10.5
        D:2 |     184 |      11 |   5.6 |      21 |       1 |   4.5
        D:3 |     123 |       0 |   0.0 |      23 |       0 |   0.0
        D:4 |     434 |      26 |   5.7 |      26 |       6 |  18.8
        D:5 |     602 |     358 |  37.3 |      20 |      10 |  33.3
        D:6 |     805 |     297 |  27.0 |      22 |       1 |   4.3
        D:7 |     737 |     280 |  27.5 |      24 |       5 |  17.2
        D:8 |     905 |     680 |  42.9 |      14 |      11 |  44.0
        D:9 |    1135 |       0 |   0.0 |      21 |       0 |   0.0
            +---------+---------+-------+---------+---------+-------
